 Dungeon Crawl Stone Soup version 0.26-a0-664-gc8b27b8fc1 (webtiles) character file.

Game seed: 9824851582053215474

0 Gargoyl the Skirmisher (level 1, -5/23 HPs)
             Began as a Gnoll Abyssal Knight on Oct 13, 2020.
             Was a Follower of Lugonu.
             Slain by a large abomination (28 damage)
             ... on level 2 of the Abyss.
             The game lasted 00:00:18 (131 turns).

Gargoyl the Skirmisher (Gnoll Abyssal Knight)        Turns: 131, Time: 00:00:18

Health: -5/23      AC:  3    Str: 14    XL:     1   Next: 0%
Magic:  3/3        EV: 12    Int: 14    God:    Lugonu [*.....]
Gold:   0          SH:  0    Dex: 14    Spells: 0/0 levels left

rFire    . . .     SeeInvis .   a - +1 hand axe
rCold    . . .     Faith    .   (no shield)
rNeg     . . .     Spirit   .   b - +0 leather armour
rPois    .         Reflect  .   (no helmet)
rElec    .         Harm     .   (no cloak)
rCorr    .         Rampage  .   (no gloves)
MR       .....                  (no boots)
Stlth    +.........             (no amulet)
HPRegen  0.07/turn              (no ring)
MPRegen  0.08/turn              (no ring)

@: no status effects
A: distributed training, fangs 1, strong nose
a: Depart the Abyss, Renounce Religion


You were on level 2 of the Abyss.
You worshipped Lugonu.
Lugonu was aware of your devotion.
You visited 0 branches of the dungeon, and saw 0 of its levels.
You visited the Abyss 1 time.

Inventory:

Hand Weapons
 a - a +1 hand axe (weapon)
Armour
 b - a +0 leather armour (worn)


   Skills:
 + Level 6.4 Fighting
 + Level 0.0 Short Blades
 + Level 0.0 Long Blades
 + Level 4.4 Axes
 + Level 0.0 Maces & Flails
 + Level 0.0 Polearms
 + Level 0.0 Staves
 + Level 0.0 Slings
 + Level 0.0 Bows
 + Level 0.0 Crossbows
 + Level 0.0 Throwing
 + Level 4.4 Armour
 + Level 2.3 Dodging
 + Level 0.0 Stealth
 + Level 0.0 Shields
 + Level 0.0 Unarmed Combat
 + Level 0.0 Spellcasting
 + Level 0.0 Conjurations
 + Level 0.0 Hexes
 + Level 0.0 Summonings
 + Level 0.0 Necromancy
 + Level 0.0 Translocations
 + Level 0.0 Transmutations
 + Level 0.0 Fire Magic
 + Level 0.0 Ice Magic
 + Level 0.0 Air Magic
 + Level 0.0 Earth Magic
 + Level 0.0 Poison Magic
 + Level 4.4 Invocations
 + Level 0.0 Evocations


You couldn't memorise any spells.
You didn't know any spells.
Your spell library contained the following spells:

 Spells                   Type           Power        Failure   Level
 Beastly Appendage        Tmut           #.....       34%         1
 Foxfire                  Conj/Fire      #...         34%         1
 Wereblood                Tmut           #.......     47%         2
 Ignite Poison            Fire/Tmut/Pois #.......     71%         3
 Inner Flame              Hex/Fire       #.......     71%         3
 Spider Form              Tmut/Pois      #.........   71%         3
 Ice Form                 Ice/Tmut       #.......     98%         4
 Blade Hands              Tmut           #.........   100%        5
 Bolt of Magma            Conj/Fire/Erth #.........   100%        5
 Starburst                Conj/Fire      #.........   100%        6


Dungeon Overview and Level Annotations

Branches:
Dungeon (0/15)

Altars:


Innate Abilities, Weirdness & Mutations

Your experience applies equally to all skills.
You have very sharp teeth.
Your uncanny sense of smell can sniff out nearby items.


Message History

As you read the scroll labeled ERHU LAEPRA BOWOSH, it crumbles to dust.
It is a scroll of identify.
You don't have any unidentified items.
Found a shortbow.
Found 18 stones.
c - a scroll labeled ROX GAR NOALUPHISE
As you read the scroll labeled ROX GAR NOALUPHISE, it crumbles to dust.
It is a scroll of amnesia.
You feel forgetful for a moment.
You pick up a book of Changes and begin reading...
You add the spells Beastly Appendage, Wereblood, Spider Form, Ice Form and Blade Hands to your library.
You pick up the Reference Book on Ignition and begin reading...
You add the spells Foxfire, Ignite Poison, Inner Flame, Bolt of Magma and Starburst to your library.
You are suddenly pulled into a different region of the Abyss!
Found a dagger and 25 gold pieces.
A small abomination and a large abomination come into view.
There are monsters nearby!
The large abomination hits you!!
Ouch! That really hurt!
You die...

∆ ∆ ∆ ∆ ∆
#x# #
#§##.##.##
#§@§...≈..
#X##.##.##
### # ∆ ∆
∆ ∆


You could see a large abomination and a small abomination.

Vanquished Creatures (others)
  2 starspawn tentacles (Abyss:1)
2 creatures vanquished.

Notes
Turn   | Place    | Note
-------+----------+-------------------------------------------
     0 | Abyss:1  | Gargoyl the Gnoll Abyssal Knight began the quest for the
                  | Orb.
     0 | Abyss:1  | Reached XP level 1. HP: 23/23 MP: 3/3
    14 | Abyss:1  | Found a corrupted altar of Lugonu.
    41 | Abyss:1  | Noticed a tentacled starspawn
    56 | Abyss:2  | Found a corrupted altar of Lugonu.
   128 | Abyss:2  | Identified the Reference Book on Ignition
   131 | Abyss:2  | Noticed a small abomination
   131 | Abyss:2  | Noticed a large abomination
   131 | Abyss:2  | Slain by a large abomination

Illustrated notes

Levels and vault maps discovered:
Abyss:2:  hangedman_cross_veins

Action                   || total
-------------------------++-------
  Use: Scroll            ||     2
       Potion            ||     1

Table legend: (Time is in decaauts)
 A = Elapsed time spent in this place.
 B = Non-inter-level travel time spent in this place.
 C = Inter-level travel time spent in this place.
 D = Time resting spent in this place.
 E = Time spent auto-exploring this place.
 F = Levels seen in this place.
 G = Mean time per level.
                   A        B        C        D        E       F      G
               +--------+--------+--------+--------+--------+-----+--------+
         Total |    130 |    130 |      0 |      0 |    105 |   2 |   65.0 |
         Abyss |    130 |    130 |      0 |      0 |    105 |   2 |   65.0 |
               +--------+--------+--------+--------+--------+-----+--------+

Top non-repeatable levels by time:
 Abyss:2: 74 daAuts
 Abyss:1: 56 daAuts
